 Dungeon Crawl Stone Soup version 0.17-a0-1572-g7a1422d (webtiles) character file.

30 karlkraus the Shield-Bearer (level 3, -1/29 HPs)
             Began as a Formicid Fighter on July 24, 2015.
             Slain by Ajdolov's ghost (6 damage)
             ... on level 3 of the Dungeon.
             The game lasted 00:03:01 (1331 turns).

karlkraus the Shield-Bearer (Formicid Fighter)      Turns: 1331, Time: 00:03:01

Health: -1/29      AC:  6    Str: 21    XL:     3   Next: 37%
Magic:  3/3        EV:  3    Int:  7    God:
Gold:   97         SH:  9    Dex: 10    Spells: 0 memorised, 2 levels left

rFire  . . .     SeeInvis +     a - +0 flail
rCold  . . .     Clarity  .     b - +0 scale mail
rNeg   . . .     SustAt   .     c - +0 shield
rPois  .         Gourm    .     (helmet unavailable)
rElec  .         Spirit   .     (no cloak)
rCorr  .         Warding  .     (no gloves)
rMut   .         Stasis   +     (no boots)
MR     .....                    (no amulet)
Stlth  ..........               (no ring)
                                (no ring)

@: lethally poisoned (-1 -> -9), not resistant to hostile enchantments,
extremely unstealthy
A: permanent stasis, dig shafts and tunnels, four strong arms, antennae 3
a: Dig, Shaft Self


You were on level 3 of the Dungeon.
You were very hungry.

You visited 1 branch of the dungeon, and saw 3 of its levels.

You collected 97 gold pieces.

Inventory:

Hand weapons
 a - a +0 flail (weapon)
 k - a +2 spear of flaming
Armour
 b - a +0 scale mail (worn)
 c - a +0 shield (worn)
Jewellery
 m - an uncursed ring of poison resistance {unknown}
 p - an uncursed amulet of regeneration {unknown}
Scrolls
 f - 3 scrolls of teleportation {unknown}
 g - 3 scrolls of identify {unknown}
 l - a scroll of amnesia {unknown}
 o - a scroll of fog {unknown}
 r - a scroll of blinking {unknown}
 s - a scroll of enchant armour {unknown}
 t - a scroll of remove curse {unknown}
Potions
 d - a potion of might
 j - 3 potions of curing {unknown}
 n - 2 potions of flight {unknown}
 v - a potion of magic {unknown}
Books
 u - a book of Enchantments

   Spells                             Type                      Level
   a - Cause Fear                     Hexes                        4
   b - Silence                        Hexes/Air                    5
   c - Deflect Missiles               Charms/Air                   6
   d - Haste                          Charms                       6
   e - Discord                        Hexes                        8
Comestibles
 e - 3 bread rations
 h - 2 beef jerkies
 i - 2 meat rations
 q - 3 fruits
 w - a royal jelly


   Skills:
 + Level 3.5 Fighting
 + Level 2.2 Maces & Flails
 + Level 3.6 Armour
 + Level 0.8 Dodging
 + Level 4.1 Shields


You had 2 spell levels left.
You didn't know any spells.

Dungeon Overview and Level Annotations

Branches:
Dungeon (3/15)

Altars:
Elyvilon
Nemelex Xobeh

Annotations:
D:3 Ajdolov's ghost, average FoFi


Innate Abilities, Weirdness & Mutations

You are under a permanent stasis effect.
You can dig through walls and to a lower floor.
Your four strong arms can wield two-handed weapons with a shield.
You have a pair of large antennae on your head (SInv).


Message History

You feel sick. The jackal barely misses you. Ajdolov's ghost barely misses you.
The jackal bites you but does no damage.
You block the rat's attack.
Ajdolov's ghost whispers, "The ORB doesn't exist."
You block Ajdolov's ghost's attack.
You feel sick. You block the jackal's attack.
You feel sick.
You feel sick.
The jackal bites you but does no damage.
The rat bites you.
* * * LOW HITPOINT WARNING * * *
The jackal bites you but does no damage.
You block the jackal's attack.
There is a stone staircase leading up here.
You can't go down here!
* * * LOW HITPOINT WARNING * * *
You feel sick. The rat bites you but does no damage. The jackal bites you.
* * * LOW HITPOINT WARNING * * *
Ajdolov's ghost hits you.
You die...

#...# #...#
.######...######
........<.......
...............
......†........
#...# #.hW#
#.r@# #...#
#...# #...#
....# #.#### ..
$..


You could see Ajdolov's ghost, a jackal and a rat.

Vanquished Creatures
  A worm (D:2)
  4 bats
  2 giant cockroaches
  5 hobgoblins
  2 giant geckos
  A giant newt (D:1)
  2 goblins
  2 jackals (D:3)
  4 kobolds
  3 rats
26 creatures vanquished.

Vanquished Creatures (others)
  A giant gecko (D:2)
1 creature vanquished.

Grand Total: 27 creatures vanquished

Notes
Turn   | Place    | Note
--------------------------------------------------------------
     0 | D:1      | karlkraus the Formicid Fighter began the quest for the Orb.
     0 | D:1      | Reached XP level 1. HP: 18/18 MP: 1/1
   210 | D:1      | Reached XP level 2. HP: 24/24 MP: 2/2
   596 | D:2      | Found a white marble altar of Elyvilon.
   732 | D:2      | Reached skill level 4 in Shields
   732 | D:2      | Reached XP level 3. HP: 29/29 MP: 3/3
  1167 | D:2      | Found a sparkling altar of Nemelex Xobeh.
  1317 | D:3      | Noticed Ajdolov's ghost (average FoFi)
  1331 | D:3      | Slain by Ajdolov's ghost

Vault maps used:
D:1:      sevenhm_arrival_forest_fort_small_4
D:2:      nemelex_xobeh_ov_fountains_minmay, elyvilon_altar_4, first_bread
D:3:      old_standard_altar, roderic_batcave

Action                   || total
-------------------------++-------
Melee: Flail             ||    95
